 Dungeon Crawl Stone Soup version 0.31-a0-1308-ga3cce3a448 (webtiles) character file.

Game seed: 2389369365487552095

1476 mirrorencyclopedia the Geomancer (level 8, -1/50 HPs)
             Began as a Gargoyle Earth Elementalist on Dec 20, 2023.
             Slain by a troll (8 damage)
             ... on level 6 of the Dungeon.
             The game lasted 00:08:34 (4671 turns).

mirrorencyclopedia the Geomancer (GrEE)             Turns: 4671, Time: 00:08:35

Health: -1/50      AC: 15    Str: 12    XL:     8   Next: 78%
Magic:  8/11       EV:  9    Int: 18    God:
Gold:   183        SH:  0    Dex: 10    Spells: 5/11 levels left

rFire   . . .        l - +1 hand axe (vamp)
rCold   + . .        (no shield)
rNeg    + . .        u - +0 scale mail {Will+}
rPois   ∞            (no helmet)
rElec   +            (no cloak)
rCorr   .            f - +1 pair of gloves
SInv    .            (no boots)
Will    +....        (no amulet) Stlth
                     C - ring of protection from cold
HPRegen 0.28/turn    (no ring)
MPRegen 0.12/turn

%: no passive effects
@: very slightly contaminated, studying Throwing
A: sickness immunity, AC +5, negative energy resistance 1, electricity
resistance, torment resistance 1, petrification resistance
a: no special abilities


You were on level 6 of the Dungeon.
You visited 1 branch of the dungeon, and saw 6 of its levels.

You collected 253 gold pieces.
You spent 70 gold pieces at shops.


Innate Abilities, Weirdness & Mutations

You are immune to sickness and miasma.
Your stone body is resilient. (AC +5)
You are immune to poison.
You resist negative energy. (rN+)
You are resistant to electric shocks. (rElec)
You are resistant to unholy torment.
You are immune to petrification.


   Skills:
 + Level 5.5 Fighting
 + Level 5.5 Armour
 - Level 1.5 Dodging
 - Level 2.1 Stealth
 - Level 2.0 Spellcasting
 - Level 0.7 Transmutations
 * Level 9.7 Earth Magic


You had 5 spell levels left.
You knew the following spells:

 Your Spells              Type           Power      Damage    Failure   Level
a - Sandblast             Erth           72%        2d16      1%          1
b - Passwall              Tmut/Erth      16%        N/A       14%         2
c - Stone Arrow           Conj/Erth      38%        3d9       32%         3

Your spell library contained the following spells:

 Spells                   Type           Power      Damage    Failure   Level
 Slow                     Hex            4%         N/A       63%         1
 Petrify                  Tmut/Erth      20%        N/A       67%         4
 Brom's Barrelling Bould  Conj/Erth      19%        2d4       73%         4
 Ensorcelled Hibernation  Hex/Ice        2%         N/A       77%         2
 Jinxbite                 Hex            2%         N/A       77%         2
 Confusing Touch          Hex            1%         N/A       94%         3
 Sigil of Binding         Hex            1%         N/A       94%         3
 Vampiric Draining        Necr           1%         2d6       94%         3
 Anguish                  Hex/Necr       0%         N/A       100%        4

Inventory:

Hand Weapons
 e - a +1 dagger
 l - a +1 vampiric hand axe (weapon)
Missiles
 n - 3 throwing nets {=f}
Armour
 a - a +0 robe
 f - a +1 pair of gloves (worn)
 g - a +0 chain mail
 j - a +0 ring mail
 u - a +0 scale mail of willpower (worn)
Jewellery
 v - a ring of see invisible
 C - a ring of protection from cold (left hand)
Talismans
 p - a blade talisman
Wands
 s - a wand of polymorph (10)
Scrolls
 c - 5 scrolls of identify {@r1}
 d - a scroll of torment
 h - 7 scrolls of teleportation {@r4}
 m - 2 scrolls of fear
Potions
 b - 2 potions of magic
 i - 3 potions of degeneration
 k - 4 potions of heal wounds {@q2}
 o - a potion of brilliance
 r - 2 potions of curing {@q1}
 t - a potion of mutation

Dungeon Overview and Level Annotations

Branches:
Dungeon (6/15)
 Temple: D:4-7

Altars:
Nemelex Xobeh

Shops:
D:4

* ####..#..###.##...
.###.....>#.....#.#
...........)..## .#
...#...........# .#
............#..##.#####
...#.......###........
..............###...
...#####.####.###.#
...# #.# #...@.# ...#
#.# ##.##T.# ..g# ..#
#.# ...# ..## . #..
.#..# #...# ##..###.#
#...... ... .#
....gg... .... .
......... ..... .
.........


You could see a troll.


Message History

Press: ? - help, Shift-Dir - straight line, f - troll
Aim: a troll (84% to hit)
The blast of sand hits the troll!
The troll is moderately wounded.
The troll bites you! The troll claws you.
The troll claws you but does no damage.
Casting: Sandblast (safe; 1% risk of failure)
Confirm with . or Enter, or press ? or * to list all spells.
Aiming: Sandblast (safe; 1% risk of failure)
Press: ? - help, Shift-Dir - straight line, f/p - troll
Aim: a troll (moderately wounded, 84% to hit)
You miscast Sandblast.
You are very lightly contaminated with residual magic.
Nothing appears to happen.
The troll bites you!
* * * LOW HITPOINT WARNING * * *
The troll closely misses you. The troll claws you!
* * * LOW HITPOINT WARNING * * *
Casting: Sandblast (safe; 1% risk of failure)
Confirm with . or Enter, or press ? or * to list all spells.
Aiming: Sandblast (safe; 1% risk of failure)
Press: ? - help, Shift-Dir - straight line, f/p - troll
Aim: a troll (moderately wounded, 84% to hit)
The blast of sand hits the troll!
The troll is severely wounded.
The troll bites you!
* * * LOW HITPOINT WARNING * * *
The troll claws you.
* * * LOW HITPOINT WARNING * * *
The troll claws you!
You die...

Skill      XL: |  1  2  3  4  5  6  7  8 |
---------------+-------------------------+-----
Earth Magic    | 4 5 6 7 8 9 |  9.7
Fighting       | 1 2 3 4 5 |  5.5
Armour         | 1 2 3 4 5 |  5.5
Dodging        | |  1.5
Stealth        | |  2.1
Spellcasting   | |  2.0
Transmutations | |  0.7

Action                     |  1- 3 |  4- 6 |  7- 9 || total
---------------------------+-------+-------+-------++-------
  Melee: Dagger            |    11 |    17 |       ||    28
         Hand axe          |       |       |     1 ||     1
   Cast: Sandblast         |    47 |    56 |   120 ||   223
         Passwall          |       |     2 |     2 ||     4
    Use: Scroll            |       |     2 |    10 ||    12
 Armour: Robe              |    27 |    34 |    14 ||    75
         Ring mail         |       |       |    15 ||    15
         Scale mail        |       |       |    91 ||    91
  Dodge: Dodged            |    25 |    33 |    93 ||   151

Levels and vault maps discovered:
D:1:      evilmike_arrival_crescent, layout_rooms
D:2:      layout_rooms, chequers_ecumenical_altar_simple
D:3:      layout_rooms, nemelex_spade_bored_becter,
          gammafunk_ghost_gnarly_gnolls
D:4:      layout_rooms, serial_shops, shop
D:5:      layout_basic, grunt_ministairs_14
D:6:      layout_rooms, marbit_many_paths, amethyst_overflow_temple_binary,
          serial_shops, shop_fountains, hangedman_minor_gate_pass, uniq_sigmund,
          uniq_edmund

Notes
Turn   | Place    | Note
-------+----------+-------------------------------------------
     0 | D:1      | mirrorencyclopedia the Gargoyle Earth Elementalist began
                  | the quest for the Orb.
     0 | D:1      | Reached XP level 1. HP: 10/10 MP: 3/3
   172 | D:1      | Reached XP level 2. HP: 16/16 MP: 3/5
   181 | D:1      | Reached skill level 4 in Earth Magic
   320 | D:1      | Reached skill level 1 in Fighting
   325 | D:1      | Reached skill level 1 in Armour
   559 | D:1      | Reached XP level 3. HP: 20/20 MP: 4/6
   975 | D:2      | Found a faded altar of an unknown god.
  1024 | D:2      | Reached XP level 4. HP: 26/26 MP: 5/7
  1091 | D:2      | Reached skill level 5 in Earth Magic
  1247 | D:2      | Reached skill level 2 in Armour
  1452 | D:3      | Learned a level 2 spell: Passwall
  1456 | D:3      | Learned a level 3 spell: Stone Arrow
  1483 | D:3      | Reached skill level 2 in Fighting
  1565 | D:3      | You fall into a shaft and drop 1 floor!
  1577 | D:4      | Noticed a scorpion
  1717 | D:4      | Reached XP level 5. HP: 30/30 MP: 5/8
  1805 | D:4      | Reached skill level 6 in Earth Magic
  1805 | D:4      | Reached XP level 6. HP: 7/36 MP: 1/9
  1942 | D:4      | Found Kolacig's General Store.
  1951 | D:4      | Reached skill level 3 in Fighting
  1951 | D:4      | Reached skill level 3 in Armour
  1953 | D:4      | Bought a scroll of teleportation for 42 gold pieces
  1953 | D:4      | Bought a scroll of identify for 28 gold pieces
  2071 | D:4      | Noticed a black bear
  2074 | D:4      | Killed a black bear
  2075 | D:4      | Reached skill level 7 in Earth Magic
  2075 | D:4      | Reached XP level 7. HP: 34/41 MP: 6/10
  2151 | D:3      | Found a transporter.
  2221 | D:3      | Found a transporter.
  2392 | D:3      | Found a sparkling altar of Nemelex Xobeh.
  2531 | D:3      | Noticed dialectric's ghost (weakling OpGl)
  2649 | D:3      | Killed dialectric's ghost
  2652 | D:3      | Reached skill level 4 in Armour
  2743 | D:3      | Reached skill level 4 in Fighting
  3062 | D:4      | Reached skill level 8 in Earth Magic
  3244 | D:5      | Entered Level 5 of the Dungeon
  3248 | D:5      | Reached XP level 8. HP: 48/48 MP: 7/11
  4099 | D:5      | Reached skill level 5 in Fighting
  4099 | D:5      | Reached skill level 5 in Armour
  4099 | D:5      | Reached skill level 9 in Earth Magic
  4339 | D:6      | Noticed Sigmund
  4572 | D:6      | Killed Sigmund
  4668 | D:6      | Noticed a troll
  4671 | D:6      | Slain by a troll

Vanquished Creatures
  Sigmund (D:6)
  A black bear (D:4)
  An ogre (D:4)
  2 phantoms
  A bullfrog (D:5)
  4 scorpions
  The ghost of dialectric the Poker, a weakling OpGl of Sif Muna (D:3)
  4 hounds
  An orc priest (D:5)
  2 gnoll boudas
  2 iguanas
  A sleepcap (D:6)
  An orc wizard (D:4)
  15 gnolls
  6 adders
  A white imp (D:6)
  2 ufetubi (D:5)
  4 worms
  5 dart slugs
  14 orcs
  4 bats
  10 endoplasms
  3 giant cockroaches
  10 goblins
  4 hobgoblins
  4 jackals (D:1)
  4 quokkas
  8 ball pythons
  6 frilled lizards
  6 kobolds
  4 rats
132 creatures vanquished.

Table legend: (Time is in decaauts)
 A = Elapsed time spent in this place.
 B = Non-inter-level travel time spent in this place.
 C = Inter-level travel time spent in this place.
 D = Time resting spent in this place.
 E = Time spent auto-exploring this place.
 F = Levels seen in this place.
 G = Mean time per level.
                   A        B        C        D        E       F      G
               +--------+--------+--------+--------+--------+-----+--------+
         Total |   4782 |   4540 |    242 |   1525 |   1953 |   6 |  797.0 |
       Dungeon |   4782 |   4540 |    242 |   1525 |   1953 |   6 |  797.0 |
               +--------+--------+--------+--------+--------+-----+--------+

Top non-repeatable levels by time:
     D:5: 1112 daAuts
     D:4: 1079 daAuts
     D:3: 929 daAuts
     D:2: 733 daAuts
     D:1: 716 daAuts
     D:6: 210 daAuts

Table legend:
 A = Non-vault XP
 B = Vault XP
 C = Vault XP percentage of total XP
 D = Non-vault monster count
 E = Vault monster count
 F = Vault count percentage of total count
                 A         B        C        D         E       F
            +---------+---------+-------+---------+---------+-------
      Total |    1542 |     567 |  26.9 |     119 |      13 |   9.8
            +---------+---------+-------+---------+---------+-------
        D:1 |      43 |       0 |   0.0 |      24 |       0 |   0.0
        D:2 |      85 |       0 |   0.0 |      25 |       0 |   0.0
        D:3 |      49 |     209 |  81.0 |      17 |      10 |  37.0
        D:4 |     792 |       0 |   0.0 |      31 |       0 |   0.0
        D:5 |     374 |     144 |  27.8 |      16 |       2 |  11.1
        D:6 |     199 |     214 |  51.8 |       6 |       1 |  14.3
            +---------+---------+-------+---------+---------+-------
